 Dungeon Crawl Stone Soup version 0.21-a0-394-gdc75ea7 (webtiles) character file.

342516 4thArraOfDagon the Executioner (level 20, -8/180 HPs)
             Began as a Minotaur Abyssal Knight on Oct 17, 2017.
             Was the Champion of Lugonu.
             Mangled by a vault warden
             ... wielding a +3 great sword
              (49 damage)
             ... on level 2 of the Vaults on Oct 18, 2017.
             The game lasted 02:17:07 (24007 turns).

4thArraOfDagon the Executioner (MiAK)              Turns: 24007, Time: 02:17:08

Health: -8/180     AC: 31    Str: 20    XL:     20   Next: 74%
Magic:  31/31      EV: 19    Int: 15    God:    Lugonu [******]
Gold:   2478       SH:  4    Dex: 14    Spells: 7/20 levels left

rFire    + . .     SeeInvis .   O - +6 battleaxe (elec)
rCold    + + +     Gourm    .   (shield currently unavailable)
rNeg     + + +     Faith    .   a - +9 scale mail of the Depths {rC+++ rN+++ Int-2}
rPois    +         Spirit   .   g - -2 hat of the Alchemist {rElec rPois rF+ rC+ rN+ MR+ rMut rCorr}
rElec    +         Reflect  .   K - scarf {cloud immunity}
rCorr    +         Harm     .   j - +1 pair of gloves of Gluttony {+Fly rC- Dex+2}
rMut     +         Clarity  +   F - +2 pair of boots
MR       +++..                  o - amulet of regeneration
Stlth    ..........             E - ring of Robustness {AC+8}
HPRegen  0.80/turn              M - ring of protection from magic
MPRegen  0.22/turn

@: no status effects
A: retaliatory headbutt, horns 2, large bone plates 1, blurry vision 1, clarity,
clever 1, cold resistance 1, screaming 1, electricity resistance, strong 1
}: 3/15 runes: decaying, slimy, gossamer
a: Depart the Abyss, Bend Space, Banish, Corrupt, Enter the Abyss, Brand Weapon
With Distortion, Renounce Religion, Evoke Flight


You were on level 2 of the Vaults.
You worshipped Lugonu.
Lugonu was exalted by your worship.
You were full.

You visited 8 branches of the dungeon, and saw 40 of its levels.
You visited the Abyss 1 time.
You also visited: Ice Cave.

You collected 4454 gold pieces.
You spent 1976 gold pieces at shops.

Inventory:

Hand Weapons
 O - a +6 battleaxe of electrocution (weapon)
 P - a +7 executioner's axe of chopping
 W - a +5 broad axe of electrocution
Missiles
 l - a throwing net (quivered)
Armour
 a - the +9 scale mail of the Depths (worn) {rC+++ rN+++ Int-2}
   (You bought it in a shop on level 2 of the Orcish Mines)

   It affects your intelligence (-2).
   It renders you almost immune to cold.
   It renders you almost immune to negative energy.
 g - the -2 hat of the Alchemist (worn) {rElec rPois rF+ rC+ rN+ MR+ rMut rCorr}
   (You found it on level 3 of the Elven Halls)

   It protects you from fire.
   It protects you from cold.
   It insulates you from electricity.
   It protects you from poison.
   It protects you from negative energy.
   It affects your resistance to hostile enchantments.
   It protects you from acid and corrosion.
   It protects you from mutation.
 j - the +1 pair of gloves of Gluttony (worn) {+Fly rC- Dex+2}
   (You found it in an ice cave)

   It affects your dexterity (+2).
   It makes you vulnerable to cold.
   It lets you fly.
 F - a +2 pair of boots (worn)
 K - a scarf of cloud immunity (worn)
Jewellery
 b - an uncursed ring of see invisible
 n - an uncursed ring of wizardry
 o - an amulet of regeneration (around neck)
 A - the ring of Aptoumef {rElec rN+ Str-2 SInv}
   (You found it on level 5 of the Pits of Slime)

   [ring of strength]

   It affects your strength (-2).
   It insulates you from electricity.
   It protects you from negative energy.
   It lets you see invisible.
 E - the ring of Robustness (left hand) {AC+8}
   (You took it off a deep elf elementalist on level 3 of the Elven Halls)

   [ring of protection]

   It affects your AC (+8).
 M - a ring of protection from magic (right hand)
 T - an uncursed ring of protection from fire
 V - an uncursed ring of poison resistance
Wands
 d - a wand of acid (4/15)
 e - a wand of digging (0/24)
 h - a wand of scattershot (8/9)
 x - a wand of paralysis (9/24)
 I - a wand of digging (13/24)
Scrolls
 i - 7 scrolls of remove curse
 m - 5 scrolls of fog
 p - 3 scrolls of identify
 r - 4 scrolls of fear
 s - 9 scrolls of amnesia
 t - a scroll of holy word
 v - 12 scrolls of teleportation
 y - 7 scrolls of enchant armour
 B - 4 scrolls of blinking
 G - 5 scrolls of recharging
 J - a scroll of silence
 Z - a scroll of magic mapping
Potions
 f - 6 potions of brilliance
 k - a potion of invisibility
 w - 3 potions of haste
 z - 4 potions of might
 C - 3 potions of mutation
 D - 5 potions of agility
 H - 7 potions of magic
 L - 3 potions of cancellation
 N - 4 potions of ambrosia
 R - 3 potions of lignification
 S - 4 potions of flight
 U - 8 potions of curing
Miscellaneous
 u - a phantom mirror
 Q - a lightning rod (1/4)
 X - a fan of gales
 Y - a phial of floods
Comestibles
 c - 12 bread rations
 q - 9 meat rations


   Skills:
 + Level 15.8 Fighting
 * Level 25.9 Axes
 + Level 15.5 Armour
 + Level 14.6 Dodging
 - Level 0.6 Spellcasting
 - Level 1.2 Transmutations
 - Level 1.3 Earth Magic
 * Level 16.2 Invocations
 - Level 5.0 Evocations


You had 7 spell levels left.
You knew the following spells:

 Your Spells              Type           Power        Failure   Level  Hunger
a - Passwall              Tmut/Erth      #.........   41%         2    ###....
b - Lee's Rapid Deconstr  Erth           #.........   100%        5    ######.
c - Statue Form           Tmut/Erth      #........    100%        6    #######


Dungeon Overview and Level Annotations

Branches:
Dungeon (14/15)            Temple (0/1) D:5            Lair (6/6) D:11
  Swamp (4/4) Lair:3       Spider (4/4) Lair:4        Slime (5/5) Lair:6
    Orc (2/2) D:9             Elf (3/3) Orc:2        Vaults (2/5) D:13
  Crypt (0/3) Vaults:2

Altars:
Cheibriados
Dithmenos
Elyvilon
Makhleb
Nemelex Xobeh
Okawaru
Ru
Vehumet
Xom
Beogh
Jiyva

Shops:
D:5 =   Orc:2 *[=   Elf:3 [

Annotations:
D:9 ORCS'
D:12 corrupted
Lair:1 exclusion: 3 oklob plants
Slime:5 corrupted
Orc:2 corrupted
Elf:2 corrupted
Abyss:1 Harold


Innate Abilities, Weirdness & Mutations

You reflexively headbutt those who attack you in melee.
You have a pair of horns on your head.
You are partially covered in large bone plates. (SH +4)
Scrolls take you a little longer to read.
You possess an exceptional clarity of mind.
Your mind is acute. (Int +2)
Your flesh is cold resistant. (rC+)
You occasionally shout uncontrollably at your foes.
You are resistant to electric shocks. (rElec)
Your muscles are strong. (Str +2)


Message History

Lightning courses through the ice beast!
You kill the ice beast!
You hit the vault warden.
The vault warden hits you with an enchanted great sword!!!
* * * LOW HITPOINT WARNING * * *
The deep elf archer shoots an arrow.
The arrow hits you!
* * * LOW HITPOINT WARNING * * *
You hit the vault warden.
The vault warden is moderately wounded.
You slash the ironbrand convoker!
You are too injured to fight recklessly!
Unknown command.
You hit the vault warden but do no damage.
You headbutt the vault warden.
The vault warden is moderately wounded.
You hit the deep elf mage.
Lightning courses through the deep elf mage!
You closely miss the ironbrand convoker.
The vault warden hits you with an enchanted great sword!!!
You die...

,,,,*,,,,,,,,,,,,*,,,,,,,,******+
,,,,*,,,,*..*,..,*,,,,,,,,,,,,,,,
*****,,,**,.#*..,*,,,,,,,,,,,,,,,
,,,,**,**,,,.##.**,,,,,,,********
,,,,*,,,,,,,,...,*,,,,,,,*,,,,,,,
,,,,*,,,,,,,,,..,*,,,,,,,*,******
,,,,**,**,,,,##.##,,,,,,,*,*,,,,,
,,,,*,,,*#,,##.ep#,,,,,,,+,*,****
,,,,*,,,,#..#..p@#,,,,,,,*,*,*,,,
,,,,*,,,,..se..).#,,,,,,,*,*,*,,,
,,,,+,,,,#..#...<#,,,,,,,*,*,*,,,
******+**#**######,,,,,,,*,*,*+**
,,,,,,,,,,,,,,,,,,,,,,,,,*,*,,>,,
,***********,,,,,,,,,,,,,*,*****+
+*,,,,,,*****,,,,,,,,,,,,*,,,,,,,
,+,,*,*,,,***,,,,,,,,,*****+*****
**,*,,*,,,,**,,,,,,,,,**,,,,,,,*,


You could see a vault warden, a wolf spider, a deep elf archer, an ironbrand
convoker and a deep elf mage.

Vanquished Creatures
  2 deep elf master archers (Elf:3)
  24 acid blobs
  2 deep elf blademasters (Elf:3)
  Kirke (Elf:2)
  3 thorn hunters
  Donald (Swamp:2)
  13 azure jellies
  A vault warden (Vaults:1)
  3 deep elf sorcerers
  3 ghost moths (Spider:4)
  3 ironheart preservers
  2 deep elf elementalists (Elf:3)
  4 emperor scorpions
  7 deep elf demonologists (Elf:3)
  2 spark wasps
  4 deep elf annihilators (Elf:3)
  A death ooze (Slime:5)
  A yaktaur captain (Vaults:1)
  4 deep elf death magi
  2 deep elf high priests (Elf:3)
  6 great orbs of eyes
  8 vault guards
  2 fire dragons
  5 rakshasas (Vaults:1)
  An ogre mage (Vaults:1)
  15 hydras
  2 ghost crabs
  4 alligators
  6 two-headed ogres
  3 centaur warriors
  2 large abominations (Elf:3)
  11 dancing weapons
  A tengu warrior (D:11)
  An orc high priest (Orc:2)
  5 spriggans (Swamp:4)
  11 deep elf knights
  2 spriggan druids (Swamp:4)
  3 unseen horrors
  16 swamp dragons
  15 deep elf archers
  4 shambling mangroves
  15 orb spiders
  An ironbrand convoker (Vaults:1)
  2 ugly things
  3 orc sorcerers
  34 deep elf magi
  2 orc knights
  2 shining eyes
  27 wolf spiders
  Maurice (D:9)
  2 manticores (D:13)
  5 cyclopes
  12 black mambas
  2 vault sentinels (Vaults:1)
  2 moths of wrath
  2 centaur zombies
  5 elephants (Lair:3)
  2 eyes of devastation
  A guardian serpent (Lair:6)
  A torpor snail (Lair:6)
  26 spiny frogs
  An ice statue (IceCv)
  22 demonic crawlers
  5 komodo dragons
  4 yaktaurs (Vaults:1)
  6 ice devils (IceCv)
  5 anaconda simulacra (IceCv)
  4 freezing wraiths (IceCv)
  An efreet (D:14)
  25 jumping spiders
  3 meliai (Spider:4)
  4 trolls
  25 hornets
  7 tyrant leeches
  A wind drake (shapeshifter) (Vaults:1)
  A wolf spider simulacrum (IceCv)
  6 polar bears
  98 slime creatures
  18 blink frogs
  10 dream sheep (Lair:6)
  A fire giant simulacrum (Vaults:1)
  10 hippogriffs
  10 bog bodies
  85 redbacks
  22 tarantellas
  5 shadows
  41 yaks
  17 wyverns
  3 dire elephant simulacra (IceCv)
  2 air elementals (Elf:2)
  A water elemental (Elf:2)
  2 wraiths
  3 basilisks
  3 hungry ghosts
  2 hogs
  10 golden eyes
  3 fire elementals
  3 steam dragons (Lair:6)
  A human simulacrum (Vaults:1)
  9 vampire mosquitoes
  4 wargs
  5 harpy simulacra (IceCv)
  15 swamp worms
  A soldier ant (D:14)
  3 acid dragons
  6 insubstantial wisps (Swamp:1)
  An iron troll simulacrum (IceCv)
  8 porcupines
  12 water moccasins
  3 hydra simulacra (IceCv)
  17 swamp drakes
  6 ice beasts
  3 necrophages
  A sky beast (D:13)
  An ettin simulacrum (IceCv)
  27 orc warriors
  3 black bears
  13 ogres
  19 wolves
  8 boggarts (Vaults:1)
  3 eyes of draining
  A phantom (D:12)
  11 centaurs
  2 big kobolds
  18 crocodiles
  21 bullfrogs
  Blork the orc (D:6)
  5 earth elementals
  A wyvern skeleton (D:10)
  4 scorpions
  2 howler monkeys
  7 wights
  5 electric eels
  2 draconian simulacra (IceCv)
  6 crimson imps
  2 quasits (D:10)
  A bullfrog zombie (D:6)
  6 hounds
  5 jellies
  A gnoll shaman (D:6)
  15 orc wizards
  16 orc priests
  2 centaur skeletons
  2 bullfrog skeletons
  Ijyb (D:4)
  4 iguanas
  14 worker ants
  Natasha (twice) (D:4)
  3 troll simulacra (IceCv)
  A polar bear simulacrum (IceCv)
  A spriggan simulacrum (IceCv)
  A bullfrog simulacrum (D:11)
  4 centaur simulacra (IceCv)
  A hound zombie (D:6)
  2 worker ant zombies
  5 gnolls (D:6)
  A naga simulacrum (IceCv)
  8 adders
  2 ogre simulacra (IceCv)
  5 shadow imps
  4 white imps (IceCv)
  9 ufetubi (IceCv)
  2 oozes
  2 adder skeletons
  An adder zombie (D:8)
  3 worms
  A dart slug (D:1)
  4 leopard geckos
  82 orcs
  A ball python (D:2)
  4 bats
  6 giant cockroaches
  4 goblins
  8 hobgoblins
  10 jackals
  15 kobolds
  4 quokkas
  2 frilled lizards
  7 rats
  3 fungi
  6 plants
1360 creatures vanquished.

Vanquished Creatures (others)
  the Royal Jelly (Slime:5)
  Saint Roka (Orc:2)
  An Ice Fiend (IceCv)
  3 acid blobs (Slime:5)
  A sphinx (D:11)
  4 azure jellies (Slime:5)
  3 entropy weavers
  A spark wasp (Spider:4)
  A fire dragon (D:14)
  4 death oozes (Slime:5)
  2 vault guards (D:12)
  2 two-headed ogres
  16 hydras
  3 deep elf knights (Elf:2)
  An unseen horror (D:8)
  3 deep elf archers (Elf:2)
  4 orc knights
  An orc sorcerer (Orc:2)
  5 orb spiders
  4 deep elf magi
  3 manticores (D:11)
  A komodo dragon (D:11)
  A jumping spider (Spider:1)
  A hornet (D:8)
  An air elemental (Elf:2)
  2 redbacks
  An acid dragon (D:12)
  An iron troll simulacrum (IceCv)
  8 orc warriors
  A boggart (Vaults:1)
  An ogre (Orc:2)
  An earth elemental (Spider:2)
  3 orc priests (Orc:2)
  4 orc wizards (Orc:2)
  4 orcs (Orc:2)
  A quokka (D:4)
  15 fungi
  21 plants
  15 starspawn tentacles
146 creatures vanquished.

Grand Total: 1506 creatures vanquished

Notes
Turn   | Place    | Note
-------+----------+-------------------------------------------
     0 | Abyss:1  | 4thArraOfDagon the Minotaur Abyssal Knight began the quest for the Orb.
     0 | Abyss:1  | Reached XP level 1. HP: 19/19 MP: 1/1
   112 | Abyss:3  | Found a transporter.
   112 | Abyss:3  | Gained mutation: You tend to lose your temper in combat. [mutagenic glow]
   132 | Abyss:3  | Noticed a hellwing
   138 | Abyss:3  | Noticed a large abomination
   140 | D:1      | Escaped the Abyss
   180 | D:1      | Reached XP level 2. HP: 17/27 MP: 2/2
   263 | D:1      | Reached * piety under Lugonu
   270 | D:1      | Reached skill level 3 in Axes
   379 | D:1      | Reached XP level 3. HP: 29/33 MP: 3/3
   500 | D:2      | Reached XP level 4. HP: 18/40 MP: 4/4
   739 | D:2      | Found a shadowy altar of Dithmenos.
   770 | D:3      | Noticed a bullfrog
   776 | D:3      | Killed a bullfrog
   776 | D:3      | Reached skill level 4 in Axes
   776 | D:3      | Reached XP level 5. HP: 38/47 MP: 5/5
   793 | D:3      | Reached ** piety under Lugonu
   823 | D:3      | Found a faded altar of an unknown god.
   944 | D:4      | Noticed Natasha
   955 | D:4      | Killed Natasha
   962 | D:4      | Found a white marble altar of Elyvilon.
   963 | D:4      | Noticed Ijyb
   989 | D:4      | Killed Ijyb
  1046 | D:4      | Noticed an ogre
  1181 | D:4      | Noticed Natasha
  1187 | D:4      | Killed Natasha
  1279 | D:5      | Entered Level 5 of the Dungeon
  1319 | D:5      | Found a staircase to the Ecumenical Temple.
  1366 | D:5      | Reached XP level 6. HP: 31/53 MP: 7/7
  1588 | D:5      | Found a snail-covered altar of Cheibriados.
  1616 | D:5      | Noticed an ice beast
  1626 | D:5      | Reached skill level 5 in Axes
  1651 | D:5      | Killed an ice beast
  1651 | D:5      | Reached skill level 5 in Fighting
  1720 | D:5      | Found a shattered altar of Ashenzari.
  1722 | D:5      | Found a shimmering altar of Xom.
  1722 | D:5      | Found a radiant altar of Vehumet.
  1724 | D:5      | Found a glowing silver altar of Zin.
  1724 | D:5      | Found a shadowy altar of Dithmenos.
  1724 | D:5      | Found a sacrificial altar of Ru.
  1823 | D:5      | Found Juischaps's Jewellery Boutique.
  1880 | D:6      | Noticed Blork the orc
  1888 | D:6      | Killed Blork the orc
  1888 | D:6      | Reached XP level 7. HP: 59/61 MP: 8/8
  1913 | D:6      | Reached skill level 6 in Axes
  1975 | D:6      | Found a sacrificial altar of Ru.
  2051 | D:6      | Found a sparkling altar of Nemelex Xobeh.
  2212 | D:6      | Reached *** piety under Lugonu
  2212 | D:6      | Reached skill level 5 in Armour
  2401 | D:7      | Reached XP level 8. HP: 64/70 MP: 8/10
  2432 | D:7      | Noticed a two-headed ogre
  2449 | D:7      | Banished a two-headed ogre
  2449 | D:7      | Reached skill level 7 in Axes
  2619 | D:7      | Reached skill level 8 in Axes
  2673 | D:7      | Reached skill level 5 in Dodging
  2773 | D:7      | Reached skill level 5 in Invocations
  2773 | D:7      | Reached XP level 9. HP: 42/78 MP: 11/11
  2780 | D:7      | Paralysed by fainting for 6 turns
  2979 | D:8      | Banished an unseen horror
  2979 | D:8      | Reached skill level 9 in Axes
  3159 | D:8      | Found a sacrificial altar of Ru.
  3159 | D:8      | Found a faded altar of an unknown god.
  3164 | D:8      | Found a faded altar of an unknown god.
  3166 | D:8      | Found a shimmering altar of Xom.
  3167 | D:8      | Found an iron altar of Okawaru.
  3490 | D:9      | Noticed Maurice
  3532 | D:9      | Killed Maurice
  3532 | D:9      | Reached skill level 10 in Axes
  3564 | D:9      | Reached XP level 10. HP: 55/88 MP: 13/13
  3729 | D:9      | Noticed a two-headed ogre
  3734 | D:9      | Banished a two-headed ogre
  3738 | D:9      | Found a burning altar of Makhleb.
  3770 | D:10     | Entered Level 10 of the Dungeon
  3942 | D:10     | Reached **** piety under Lugonu
  4230 | D:10     | Noticed a manticore
  4231 | D:10     | Banished a manticore
  4268 | D:10     | Got an ichor-stained robe
  4302 | D:11     | Reached skill level 11 in Axes
  4467 | D:11     | Noticed an orc knight
  4471 | D:11     | Noticed a centaur warrior
  4473 | D:11     | Noticed a sphinx
  4473 | D:11     | Banished an orc knight
  4670 | D:11     | Noticed a cyan ugly thing
  4693 | D:12     | Noticed a two-headed ogre
  4694 | D:12     | Banished a two-headed ogre
  4712 | D:11     | Noticed a two-headed ogre
  4716 | D:12     | Reached skill level 12 in Axes
  4854 | D:12     | Lost mutation: You tend to lose your temper in combat. [potion of mutation]
  4854 | D:12     | Gained mutation: You are weak. (Str -2) [potion of mutation]
  4854 | D:12     | Gained mutation: You are robust. (+10% HP) [potion of mutation]
  4854 | D:12     | Gained mutation: Your mind is acute. (Int +2) [potion of mutation]
  4865 | D:12     | Noticed a two-headed ogre
  4873 | D:12     | Banished a two-headed ogre
  4947 | D:12     | Reached XP level 11. HP: 88/103 MP: 15/15
  5148 | D:13     | Reached skill level 13 in Axes
  5155 | D:13     | Noticed a vault guard
  5155 | D:13     | Noticed a vault guard
  5156 | D:13     | Noticed a vault guard
  5228 | D:12     | Killed a vault guard
  5307 | D:12     | Corrupted D:12
  5307 | D:12     | Noticed a large abomination
  5307 | D:12     | Noticed a sixfirhy
  5309 | D:12     | Killed a vault guard
  5310 | D:12     | Noticed a tentacled starspawn
  5312 | D:12     | Killed a vault guard
  5395 | D:12     | Noticed a tentacled starspawn
  5406 | D:12     | Noticed a sixfirhy
  5479 | D:13     | Noticed a vault guard
  5540 | D:13     | Killed a vault guard
  5560 | D:13     | Found a gate to the Vaults.
  5582 | D:13     | Noticed a vault guard
  5584 | D:13     | Noticed a vault guard
  5597 | D:13     | Killed a vault guard
  5653 | D:14     | Reached skill level 14 in Axes
  5662 | D:14     | Noticed a fire dragon
  5669 | D:14     | Killed an unseen horror
  5726 | D:14     | Killed a vault guard
  5777 | D:14     | Banished a fire dragon
  5859 | D:14     | Noticed a skeletal warrior
  5859 | D:14     | Noticed a skeletal warrior
  5859 | D:14     | Noticed a skeletal warrior
  5895 | D:13     | Noticed a vault guard
  5917 | D:13     | Killed a vault guard
  5917 | D:13     | Reached skill level 15 in Axes
  5952 | D:13     | Reached XP level 12. HP: 72/112 MP: 18/18
  6042 | D:13     | Noticed a five-headed hydra
  6048 | D:13     | Banished a five-headed hydra
  6126 | D:13     | Noticed a vault guard
  6204 | D:13     | Killed a vault guard
  6274 | D:13     | Reached skill level 10 in Invocations
  6367 | D:11     | Reached skill level 16 in Axes
  6473 | D:12     | Killed a two-headed ogre
  6544 | D:11     | Noticed a two-headed ogre
  6555 | D:11     | Killed a two-headed ogre
  6646 | D:11     | Noticed Harold
  6739 | D:11     | Banished Harold
  6739 | D:11     | Reached skill level 17 in Axes
  6899 | D:11     | Noticed a six-headed hydra
  6904 | D:11     | Banished a six-headed hydra
  6922 | D:11     | Got a steaming quarterstaff
  6928 | D:11     | Identified the +7 quarterstaff of Balance {freeze, Dex+3} (You found it on level 11 of the Dungeon)
  6935 | D:11     | Got a polished flail
  6962 | D:11     | Got a faintly glowing hand crossbow
  7186 | D:11     | Noticed a tengu warrior
  7193 | D:11     | Banished a sphinx
  7193 | D:11     | Reached skill level 18 in Axes
  7195 | D:11     | Killed a tengu warrior
  7205 | D:11     | Got a topaz-encrusted ring mail
  7211 | D:11     | Noticed a two-headed ogre
  7217 | D:11     | Killed a two-headed ogre
  7217 | D:11     | Reached XP level 13. HP: 104/117 MP: 17/19
  7391 | D:11     | Got a crude robe
  7394 | D:11     | Got a bloodstained spear
  7845 | D:9      | Found a staircase to the Orcish Mines.
  7910 | Orc:1    | Entered Level 1 of the Orcish Mines
  8016 | Orc:1    | Reached skill level 19 in Axes
  8272 | Orc:2    | Entered Level 2 of the Orcish Mines
  8653 | Orc:2    | Noticed Saint Roka
  8655 | Orc:2    | Corrupted Orc:2
  8655 | Orc:2    | Noticed a white draconian
  8655 | Orc:2    | Noticed an eidolon
  8658 | Orc:2    | Killed Saint Roka
  8861 | Orc:2    | Found a staircase to the Elven Halls.
  8892 | Orc:2    | Found a roughly hewn altar of Beogh.
  8895 | Orc:2    | Found Koiffub's Antique Weapon Emporium.
  8910 | Orc:2    | Found Vefauf's General Store.
  8926 | Orc:2    | Found Kudutz's Antique Armour Emporium.
  8946 | Orc:2    | Found Fagiaczu's Jewellery Emporium.
  8953 | Orc:2    | Bought an uncursed amulet of regeneration for 330 gold pieces
  9031 | Elf:1    | Entered Level 1 of the Elven Halls
  9180 | Elf:1    | Reached skill level 20 in Axes
  9312 | Elf:1    | You fall through a shaft!
  9346 | Elf:2    | Corrupted Elf:2
  9346 | Elf:2    | Noticed a tentacled starspawn
  9346 | Elf:2    | Noticed a lich
  9346 | Elf:2    | Noticed a starcursed mass
  9346 | Elf:2    | Noticed a tentacled starspawn
  9542 | Elf:2    | Noticed a deep elf death mage
  9552 | Elf:2    | Killed a deep elf death mage
  9784 | Orc:2    | Bought the +9 scale mail of the Depths {rC+++ rN+++ Int-2} for 1266 gold pieces
  9797 | Orc:2    | Identified the cursed +0 ring mail of Vengeteu {Regen+} (You took it off a tengu warrior on level 11 of the Dungeon)
  9808 | Orc:2    | Identified the +1 robe of Oblivion {rC+ Dex+4} (You found it on level 10 of the Dungeon)
  9818 | Orc:2    | Identified the +2 robe of the Pirate {+Blink rPois Str+3 Dex+4} (You found it on level 11 of the Dungeon)
  9828 | Orc:2    | :O
  9943 | D:11     | Found a staircase to the Lair.
  9948 | Lair:1   | Entered Level 1 of the Lair of Beasts
 10004 | Lair:1   | Reached skill level 21 in Axes
 10217 | Lair:2   | Reached XP level 14. HP: 127/127 MP: 20/20
 10734 | Lair:3   | Reached skill level 10 in Fighting
 10734 | Lair:3   | Reached XP level 15. HP: 61/138 MP: 21/21
 10761 | Lair:3   | Reached ***** piety under Lugonu
 10804 | Lair:3   | Identified the +10 spear "Kolut" {drain, rN+ Str+3 SInv} (You found it on level 11 of the Dungeon)
 10805 | Lair:3   | Identified the +6 flail of the Sixty-Six People {crush, MR+ Str+2 Int+4 SInv} (You found it on level 11 of the Dungeon)
 10806 | Lair:3   | Identified the cursed +3 hand crossbow of Duty {velocity, rF+} (You found it on level 11 of the Dungeon)
 11463 | Lair:5   | Learned a level 2 spell: Passwall
 11469 | Lair:5   | Learned a level 5 spell: Lee's Rapid Deconstruction
 11488 | Lair:5   | Found a sacrificial altar of Ru.
 11604 | Lair:5   | Reached skill level 10 in Armour
 11736 | Lair:6   | Entered Level 6 of the Lair of Beasts
 11867 | Lair:6   | Found a staircase to the Slime Pits.
 11927 | Lair:6   | Reached skill level 10 in Dodging
 11985 | Lair:6   | Reached ****** piety under Lugonu
 12023 | Lair:6   | Reached skill level 22 in Axes
 12410 | Lair:6   | Reached XP level 16. HP: 45/151 MP: 22/22
 13356 | Elf:1    | HP: 5/152 [deep elf mage/bolt of lightning (34)]
 13528 | Elf:1    | Noticed Kirke
 13540 | Elf:2    | Killed Kirke
 13650 | Elf:3    | Entered Level 3 of the Elven Halls
 13679 | Elf:3    | Found a frozen archway.
 13690 | IceCv    | Entered an ice cave
 14107 | IceCv    | Noticed an Ice Fiend
 14140 | IceCv    | Corrupted IceCv
 14148 | IceCv    | Killed an Ice Fiend
 14255 | IceCv    | Learned a level 6 spell: Statue Form
 14259 | IceCv    | Got a pair of twisted gloves
 14270 | IceCv    | Identified the +1 pair of gloves of Gluttony {+Fly rC- Dex+2} (You found it in an ice cave)
 14325 | Elf:3    | Reached skill level 1 in Evocations
 14343 | Elf:3    | Found Pesonoux's Antique Armour Emporium.
 14346 | Elf:3    | Bought a smoking chain mail for 380 gold pieces
 14359 | Elf:3    | Identified the cursed +0 chain mail of the Great Game {rC++ Dex+3 Stlth+} (You bought it in a shop on level 3 of the Elven Halls)
 14576 | Elf:3    | Noticed a deep elf blademaster
 14581 | Elf:3    | Killed a deep elf blademaster
 14600 | Elf:3    | Noticed a Tzitzimitl
 14635 | Elf:3    | Noticed a deep elf master archer
 14635 | Elf:3    | Noticed a deep elf master archer
 14653 | Elf:3    | Killed a deep elf master archer
 14657 | Elf:3    | Killed a deep elf master archer
 14657 | Elf:3    | Reached skill level 23 in Axes
 14664 | Elf:3    | Noticed a Tzitzimitl
 14858 | Elf:3    | Noticed a deep elf blademaster
 14889 | Elf:3    | Killed a deep elf blademaster
 14889 | Elf:3    | Reached XP level 17. HP: 77/162 MP: 24/24
 15126 | Elf:3    | Got a fine crystal amulet
 15299 | Elf:3    | Got a blackened arbalest
 15329 | Elf:3    | Identified the Tome of the Voyage and Conjuration
 15405 | Elf:3    | Identified Gadwi's Thorough Guide to Spellcraft
 15423 | Elf:3    | Found the -2 hat of the Alchemist {rElec rPois rF+ rC+ rN+ MR+ rMut rCorr}
 15655 | Elf:2    | Found a huge runed gate.
 15655 | Elf:2    | Found a huge runed gate.
 15664 | Elf:2    | Found a huge runed gate.
 15774 | Elf:2    | Reached skill level 1 in Earth Magic
 15830 | Elf:2    | Reached skill level 1 in Transmutations
 16048 | Elf:1    | Reached skill level 5 in Evocations
 16392 | Lair:3   | Found a staircase to the Swamp.
 16398 | Swamp:1  | Entered Level 1 of the Swamp
 16591 | Swamp:1  | Identified the +7 arbalest of the Median {freeze, rElec rC- MR+ Str+7} (You found it on level 3 of the Elven Halls)
 16893 | Swamp:2  | Noticed Donald
 16911 | Swamp:2  | Killed Donald
 17027 | Swamp:2  | Identified the amulet "Atremaust" {Gourm +Blink rElec MR+ Dex-3} (You took it off a deep elf mage on level 3 of the Elven Halls)
 17422 | Swamp:4  | Entered Level 4 of the Swamp
 17731 | Swamp:4  | Reached XP level 18. HP: 119/173 MP: 17/26
 17992 | Swamp:4  | Got a decaying rune of Zot
 18285 | Swamp:1  | Reached skill level 24 in Axes
 18421 | Lair:4   | Found a hole to the Spider Nest.
 18455 | Spider:1 | Entered Level 1 of the Spider Nest
 18626 | Spider:1 | You fall through a shaft!
 19605 | Spider:3 | Upgraded the game from 0.21-a0-380-gd65dc97 to 0.21-a0-394-gdc75ea7
 19744 | Spider:4 | Entered Level 4 of the Spider Nest
 20240 | Spider:4 | Gained mutation: Armour fits poorly on your strangely shaped body. [mutagenic meat]
 20241 | Spider:4 | Gained mutation: You are clumsy. (Dex -2) [mutagenic meat]
 20242 | Spider:4 | Gained mutation: You are partially covered in iridescent scales. (AC +2) [mutagenic meat]
 20243 | Spider:4 | Gained mutation: Your mind is very acute. (Int +4) [mutagenic meat]
 20244 | Spider:4 | Gained mutation: You are very weak. (Str -4) [mutagenic meat]
 20245 | Spider:4 | Lost mutation: You are very weak. (Str -4) [potion of mutation]
 20245 | Spider:4 | Lost mutation: You are partially covered in iridescent scales. (AC +2) [potion of mutation]
 20245 | Spider:4 | Lost mutation: You are weak. (Str -2) [potion of mutation]
 20245 | Spider:4 | Gained mutation: Your body sometimes deteriorates upon taking damage. [potion of mutation]
 20245 | Spider:4 | Gained mutation: You are resistant to electric shocks. (rElec) [potion of mutation]
 20246 | Spider:4 | Lost mutation: Armour fits poorly on your strangely shaped body. [potion of mutation]
 20246 | Spider:4 | Lost mutation: Your mind is very acute. (Int +4) [potion of mutation]
 20246 | Spider:4 | Lost mutation: You are robust. (+10% HP) [potion of mutation]
 20246 | Spider:4 | Gained mutation: Your muscles are strong. (Str +2) [potion of mutation]
 20247 | Spider:4 | Lost mutation: You are clumsy. (Dex -2) [potion of mutation]
 20247 | Spider:4 | Lost mutation: Your body sometimes deteriorates upon taking damage. [potion of mutation]
 20247 | Spider:4 | Gained mutation: You are partially covered in large bone plates. (SH +4) [potion of mutation]
 20247 | Spider:4 | Gained mutation: You evolve. [potion of mutation]
 20247 | Spider:4 | Gained mutation: Your flesh is cold resistant. (rC+) [potion of mutation]
 20425 | Spider:4 | Reached XP level 19. HP: 79/168 MP: 28/28
 20809 | Spider:4 | Got a gossamer rune of Zot
 21148 | Slime:1  | Entered Level 1 of the Pits of Slime
 21174 | Slime:1  | Gained mutation: Scrolls take you a little longer to read. [a shining eye]
 21542 | Slime:2  | Reached skill level 25 in Axes
 21747 | Slime:4  | Reached skill level 15 in Invocations
 21768 | Slime:4  | Reached skill level 15 in Fighting
 21869 | Slime:5  | Entered Level 5 of the Pits of Slime
 22028 | Slime:5  | Noticed the Royal Jelly
 22106 | Slime:4  | Reached XP level 20. HP: 54/178 MP: 30/30
 22243 | Slime:5  | Reached skill level 15 in Armour
 22363 | Slime:5  | Found a viscous altar of Jiyva.
 22405 | Slime:5  | Gained mutation: You occasionally shout uncontrollably at your foes. [a shining eye]
 22810 | Slime:5  | Corrupted Slime:5
 22810 | Slime:5  | Noticed a bone dragon
 22823 | Slime:5  | Killed the Royal Jelly
 22883 | Slime:5  | Identified the amulet "Bohifile" {Gourm *Contam Int+9} (You found it on level 5 of the Pits of Slime)
 22890 | Slime:5  | Identified the +11 lajatang of Dim Light {slice, -Tele rN++ Str+2 Int+3} (You found it on level 5 of the Pits of Slime)
 22899 | Slime:5  | Identified Wunale's Tome of Mutagenic Ice
 22919 | Slime:5  | Got a slimy rune of Zot
 22923 | Slime:5  | Got a crude plate armour
 22926 | Slime:5  | Got a sparkling turquoise ring
 22939 | Slime:5  | Identified the +3 plate armour of Sibuimyqiu {rPois Dex+2 Slay+3} (You found it on level 5 of the Pits of Slime)
 23264 | Vaults:1 | Entered Level 1 of the Vaults
 23384 | Vaults:1 | Identified the cursed ring of Aptoumef {rElec rN+ Str-2 SInv} (You found it on level 5 of the Pits of Slime)
 23592 | Vaults:1 | Gained mutation: You possess an exceptional clarity of mind. [mutagenic meat]
 23594 | Vaults:1 | Lost mutation: You evolve. [mutagenic meat]
 24007 | Vaults:2 | Mangled by a vault warden

Vault maps used:
D:1:      dpeg_arrival_pits, minmay_misc_feat_iff, minivault_25,
          palyth_stone_intersect
D:2:      nicolae_overflow_hidden_temple
D:3:      chequers_ecumenical_altar_simple_redux, uniq_sigmund
D:4:      elyvilon_altar_4, first_bread, uniq_natasha, uniq_ijyb
D:5:      kennysheep_mini_moat, minmay_temple_entry_butterflies, serial_shops,
          shop, doesnt_xom_only_xom
D:6:      nemelex_xobeh_ov_fountains_minmay, serial_glass, glass_columns_a,
          glass_columns_a, glass_columns_a, glass_columns_b, basic_altar,
          uniq_blork_the_orc
D:8:      chequers_temple_overflow_minitemple, the_bakery
D:9:      lemuel_crystal_altar, erik_orc_1, uniq_maurice
D:10:     special_room
D:11:     minmay_the_grid_square_5x5_5x5_mashed, grunt_lair_entry_orc_guard_hut,
          uniq_harold
D:13:     erik_vaults_2, lemuel_old_faithful
D:14:     amethyst_killhole
Lair:1:   dpeg_oklob_gauntlet, lemuel_fruit_tree
Lair:3:   minmay_swamp_entry_worms, fungi_pond_lemuel, cheibrodos_lair_lostbears
Lair:4:   nicolae_spider_entry_orb_guardian, serial_bayou_shore_b
Lair:5:   basic_altar, lemuel_fruit_fields
Lair:6:   hangedman_lair_tendril_chambers, guppyfry_lair_end_dragon, slime_dummy
Swamp:1:  serial_swamp_ruin, evilmike_swamp_ruin_house_1,
          evilmike_swamp_ruin_house_5, swamp_pool5, st_swamp_ruins_1
Swamp:2:  evilmike_swamp_ruin_house_3, infiniplex_staircase_pool, uniq_donald
Swamp:3:  hangedman_swamp_ruin_hall, swamp_pool2
Swamp:4:  swamp_basic_johnstein
Spider:2: spider_trap, nicolae_spider_webs_and_nodes,
          hangedman_stitches_earthworm
Spider:3: nicolae_spider_mines_1
Spider:4: guppyfry_spider_rune, spider_trap, hangedman_spider_mandibles
Slime:4:  nicolae_slime_welcoming_committee
Orc:1:    nicolae_orc_flooded_monolith
Orc:2:    grunt_orc_cross
Elf:1:    evilmike_minifort, nrook_uturn, uniq_kirke
Elf:2:    grunt_ministairs_13, basic_loot_grate_trap, minivault_11,
          nicolae_elf_m_pinch
Elf:3:    grunt_elf_hall_diamonds, serial_shops, nicolae_shop_behind_doors,
          special_room, portal_ice_cave_entry_pillars_2, uniq_saint_roka
Vaults:1: nicolae_vaults_network_quinsquares, nicolae_vaults_what_the_h,
          nicolae_vaults_big_ls, hangedman_vaults_stitches,
          nicolae_vaults_diagonal_hallway_8, v_misc_19, nicolae_vaults_alarming,
          vaults_room_fours, vaults_room_stairs_pillars,
          ontoclasm_vaults_shuriken
Vaults:2: hangedman_vaults_capsules, v_alt_pattern_5, vaults_dpeg_doors,
          hangedman_vaults_pinch, dpeg_vaults_monster_box, vaults_dpeg_hooks,
          vaults_room_semicircle, vaults_standard_mumra_enter_the_diamond,
          ontoclasm_vaults_claustrophobia, v_misc_1, nicolae_vaults_little_ls,
          vaults_dpeg_ring, dummy_crypt_entry, portal_desolation_entry_salt,
          uniq_mennas
Abyss:2:  evilmike_abyss_exit_mutagenic
Abyss:3:  gammafunk_abyss_rune_reverse_zot
IceCv:    ice_cave_caverns_01

Skill      XL: |  1  2  3  4  5  6  7  8  9 10 11 12 13 14 15 16 17 18 19 20 |
---------------+-------------------------------------------------------------+-----
Invocations    | 2 3 4 5 6 7 9 10 11 12 14 15 16 | 16.2
Axes           | 3 4 5 6 8 10 12 15 18 21 22 23 24 25 | 25.9
Fighting       | 4 5 6 8 10 11 12 13 14 15 | 15.8
Dodging        | 2 3 4 5 6 7 9 10 11 12 13 14 | 14.6
Armour         | 3 4 5 6 7 8 9 10 12 13 14 15 | 15.5
Evocations     | 3 5 |  5.0
Earth Magic    | 1 |  1.3
Transmutations | 1 |  1.2
Spellcasting   | |  0.6

Action                   |  1- 3 |  4- 6 |  7- 9 | 10-12 | 13-15 | 16-18 | 19-21 || total
-------------------------+-------+-------+-------+-------+-------+-------+-------++-------
Melee: Hand axe          |    56 |   190 |   199 |       |       |       |       ||   445
       Headbutt          |     8 |    24 |    55 |    85 |   111 |   259 |   194 ||   736
       Broad axe         |       |       |   128 |   274 |       |   108 |       ||   510
       Battleaxe         |       |       |       |   274 |   764 |  1325 |   629 ||  2992
       Spear             |       |       |       |       |    32 |       |       ||    32
       Executioner's axe |       |       |       |       |       |     8 |    72 ||    80
Throw: Throwing net      |       |       |       |       |       |     3 |       ||     3
Invok: Depart the Abyss  |     1 |       |       |       |       |       |       ||     1
       Banish            |       |       |     3 |    28 |     4 |    34 |     4 ||    73
       Corrupt           |       |       |       |     1 |     2 |     1 |     1 ||     5
       Bend Space        |       |       |       |       |       |       |     2 ||     2
Evoke: Wand              |       |       |    14 |    12 |     3 |     8 |       ||    37
       Lightning rod     |       |       |       |     4 |     3 |     7 |     6 ||    20
  Use: Potion            |     2 |       |     1 |     4 |     7 |     9 |     9 ||    32
       Scroll            |     1 |     5 |     4 |     7 |    17 |    21 |     7 ||    62
 Stab: Paralysed         |       |       |    11 |       |       |       |       ||    11
       Invisible         |       |       |       |     1 |       |       |       ||     1
       Confused          |       |       |       |       |     1 |       |       ||     1
       Distracted        |       |       |       |       |       |     1 |       ||     1
       Held in net/web   |       |       |       |       |       |     1 |       ||     1
  Eat: Chunk             |       |     3 |     3 |    21 |     4 |    12 |     5 ||    48
       Fruit             |       |       |     4 |     2 |    10 |    19 |     4 ||    39
       Royal jelly       |       |       |     1 |     1 |     2 |     6 |     1 ||    11
       Meat ration       |       |       |     1 |     1 |       |     1 |       ||     3
       Bread ration      |       |       |       |       |     1 |       |     3 ||     4
Armor: Chain mail        |    69 |   123 |   209 |    90 |       |       |       ||   491
       Leather armour    |     1 |       |       |       |       |       |       ||     1
       Troll leather arm |       |       |       |   119 |    38 |       |       ||   157
       Scale mail        |       |       |       |       |   231 |   949 |   408 ||  1588
Dodge: Dodged            |    43 |    67 |   123 |   354 |   440 |  1045 |   534 ||  2606
Block: Shield            |       |       |       |       |       |    59 |       ||    59
       Other             |       |       |       |       |       |     2 |   130 ||   132

Table legend:
 A = Spawn XP
 B = Non-spawn XP
 C = Spawn XP percentage of total XP
 D = Spawn monster count
 E = Non-spawn monster count
 F = Spawn count percentage of total count
 G = Total turns spent on level
                    A         B        C        D         E        F      G
               +---------+---------+-------+---------+---------+-------+---------
         Total |       0 |  515392 |   0.0 |       0 |    1402 |   0.0 | 24007
               +---------+---------+-------+---------+---------+-------+---------
           D:1 |       0 |      46 |   0.0 |       0 |      25 |   0.0 |   266
           D:2 |       0 |      69 |   0.0 |       0 |      11 |   0.0 |   260
           D:3 |       0 |     126 |   0.0 |       0 |      15 |   0.0 |   251
           D:4 |       0 |     132 |   0.0 |       0 |      10 |   0.0 |   461
           D:5 |       0 |     283 |   0.0 |       0 |       8 |   0.0 |   502
           D:6 |       0 |     738 |   0.0 |       0 |      18 |   0.0 |   508
           D:7 |       0 |    1693 |   0.0 |       0 |      20 |   0.0 |   573
           D:8 |       0 |    1236 |   0.0 |       0 |      16 |   0.0 |   450
           D:9 |       0 |    3689 |   0.0 |       0 |      46 |   0.0 |   860
          D:10 |       0 |    1106 |   0.0 |       0 |      39 |   0.0 |   741
          D:11 |       0 |   13970 |   0.0 |       0 |      63 |   0.0 |   881
          D:12 |       0 |    6959 |   0.0 |       0 |      47 |   0.0 |  1344
          D:13 |       0 |    8097 |   0.0 |       0 |      33 |   0.0 |   751
          D:14 |       0 |    4073 |   0.0 |       0 |      13 |   0.0 |   243
        Lair:1 |       0 |    2718 |   0.0 |       0 |      15 |   0.0 |   386
        Lair:2 |       0 |    5542 |   0.0 |       0 |      26 |   0.0 |   566
        Lair:3 |       0 |    8967 |   0.0 |       0 |      33 |   0.0 |   566
        Lair:4 |       0 |    5081 |   0.0 |       0 |      20 |   0.0 |   403
        Lair:5 |       0 |    4639 |   0.0 |       0 |      16 |   0.0 |   429
        Lair:6 |       0 |   28668 |   0.0 |       0 |     109 |   0.0 |  1054
       Swamp:1 |       0 |   14137 |   0.0 |       0 |      41 |   0.0 |   685
       Swamp:2 |       0 |   11785 |   0.0 |       0 |      18 |   0.0 |   498
       Swamp:3 |       0 |    8343 |   0.0 |       0 |      23 |   0.0 |   335
       Swamp:4 |       0 |   32949 |   0.0 |       0 |      63 |   0.0 |   449
      Spider:1 |       0 |   18325 |   0.0 |       0 |      61 |   0.0 |   445
      Spider:2 |       0 |   15642 |   0.0 |       0 |      50 |   0.0 |   631
      Spider:3 |       0 |   14722 |   0.0 |       0 |      38 |   0.0 |   572
      Spider:4 |       0 |   37413 |   0.0 |       0 |      89 |   0.0 |   963
       Slime:1 |       0 |   18265 |   0.0 |       0 |      27 |   0.0 |   448
       Slime:2 |       0 |   14900 |   0.0 |       0 |      21 |   0.0 |   100
       Slime:3 |       0 |    8448 |   0.0 |       0 |      15 |   0.0 |    75
       Slime:4 |       0 |   26215 |   0.0 |       0 |      34 |   0.0 |   337
       Slime:5 |       0 |   57418 |   0.0 |       0 |      56 |   0.0 |   931
         Orc:1 |       0 |    3086 |   0.0 |       0 |      30 |   0.0 |   415
         Orc:2 |       0 |    4904 |   0.0 |       0 |      36 |   0.0 |   899
         Elf:1 |       0 |   17592 |   0.0 |       0 |      30 |   0.0 |  1056
         Elf:2 |       0 |   27475 |   0.0 |       0 |      39 |   0.0 |   977
         Elf:3 |       0 |   46434 |   0.0 |       0 |      39 |   0.0 |  1201
      Vaults:1 |       0 |   28097 |   0.0 |       0 |      49 |   0.0 |   725
      Vaults:2 |       0 |    2912 |   0.0 |       0 |       3 |   0.0 |    18
         IceCv |       0 |    8498 |   0.0 |       0 |      57 |   0.0 |   612
               +---------+---------+-------+---------+---------+-------+---------
